 Dungeon Crawl Stone Soup version 0.28-a0-1190-g77e1c55843 (webtiles) character file.

Game seed: 42046630073521788

303 Lavandula the Changer (level 6, 0/43 HPs)
             Began as a Formicid Transmuter on Dec 18, 2021.
             Slain by an ogre (22 damage)
             ... on level 4 of the Dungeon.
             The game lasted 00:06:08 (4779 turns).

Lavandula the Changer (Formicid Transmuter)         Turns: 4779, Time: 00:06:09

Health: 0/43       AC:  2    Str: 20    XL:     6   Next: 66%
Magic:  7/9        EV: 19    Int: 15    God:
Gold:   142        SH:  0    Dex: 16    Spells: 3/9 levels left

rFire   . . .      SeeInvis .     - Unarmed
rCold   . . .      Faith    .   (shield currently unavailable)
rNeg    . . .      Spirit   .   (armour currently unavailable)
rPois   x          Reflect  .   (helmet unavailable)
rElec   .          Harm     .   (cloak currently unavailable)
rCorr   .          Rampage  .   (gloves currently unavailable)
Will    .....                   (boots currently unavailable)
Stlth   +.........              (no amulet)
HPRegen 0.14/turn               b - +6 ring of strength
MPRegen 0.11/turn               (no ring)

@: spider-form
A: venomous fangs, permanent stasis, dig shafts and tunnels, tiny, (antennae 3),
four strong arms
a: End Transformation


You were on level 4 of the Dungeon.
You were a venomous arachnid creature.
You visited 1 branch of the dungeon, and saw 4 of its levels.

You collected 142 gold pieces.

Inventory:

Missiles
 f - 15 poisoned darts
Armour
 a - a +0 robe (melded)
Jewellery
 b - a +6 ring of strength (left front leg)
Scrolls
 e - a scroll of fog {unknown}
 g - 3 scrolls of identify {unknown}
Potions
 c - a potion of curing {unknown}
 d - a potion of ambrosia {unknown}
 h - a potion of heal wounds {unknown}
 i - 2 potions of brilliance {unknown}


   Skills:
 - Level 1.1 Fighting
 - Level 1.7 Dodging
 + Level 5.0 Unarmed Combat
 - Level 2.1 Spellcasting
 - Level 5.0 Transmutations
 - Level 3.0 Poison Magic


You had 3 spell levels left.
You knew the following spells:

 Your Spells              Type           Power      Damage    Failure   Level
a - Beastly Appendage     Tmut           32%        N/A       10%         1
b - Wereblood             Tmut           16%        N/A       13%         2
c - Spider Form           Tmut/Pois      13%        N/A       30%         3

Your spell library contained the following spells:

 Spells                   Type           Power      Damage    Failure   Level
 Animate Skeleton         Necr           2%         N/A       43%         1
 Magic Dart               Conj           4%         1d3       43%         1
 Pain                     Necr           4%         1d4       43%         1
 Searing Ray              Conj           2%         2d4       54%         2
 Gell's Gravitas          Tloc           1%         N/A       75%         3
 Lesser Beckoning         Tloc           1%         N/A       75%         3
 Teleport Other           Tloc           1%         N/A       75%         3
 Vampiric Draining        Necr           1%         2d6       75%         3
 Ice Form                 Ice/Tmut       9%         N/A       80%         4
 Fulminant Prism          Conj/Hex       0%         3d6       98%         4


Dungeon Overview and Level Annotations

Branches:
Dungeon (4/15)
 Temple: D:4-7

Altars:
Dithmenos
Makhleb
Xom

Shops:
D:3 (


Innate Abilities, Weirdness & Mutations

You are a venomous arachnid creature.
You have poisonous fangs.
You are tiny and dextrous.
Your spellcasting is less reliable in this form.
Your armour is entirely melded.
You are incapable of wielding weapons or throwing items.
You cannot be hasted, slowed, berserked, paralysed or teleported.
You can dig through walls and to a lower floor.
((You have a pair of large antennae on your head. (SInv)))
Your four strong arms can wield two-handed weapons with a shield.


Message History

Your +0 robe unmelds from your body.
A kobold comes into view.
It is wielding a +2 short sword of venom.
A kobold is nearby!
A kobold is nearby!
A kobold is nearby!
The kobold shouts!
Casting: Spider Form (dangerous; 13% risk of failure)
Confirm with . or Enter, or press ? or * to list all spells.
You turn into a venomous arachnid creature.
Your +0 robe melds into your body.
A kobold is nearby!
You hit the kobold.
You kill the kobold!
Your Unarmed Combat skill increases to level 5!
No target in view!
Your transformation is almost over.
Things that are here:
a +2 short sword of venom; a kobold corpse Your transformation has ended.
Your +0 robe unmelds from your body.
You see here a +0 whip.
You sense a monster nearby.
An ogre comes into view. It is wielding a +0 giant club.
The ogre shouts!
An ogre is nearby!
An ogre is nearby!
The ogre barely misses you.
Casting: Spider Form (dangerous; 13% risk of failure)
Confirm with . or Enter, or press ? or * to list all spells.
You turn into a venomous arachnid creature.
Your +0 robe melds into your body.
You hit the ogre.
The ogre is poisoned.
The ogre is lightly wounded.
The ogre hits you with a +0 giant club!!
Ouch! That really hurt!
You hit the ogre.
The ogre looks even sicker.
The ogre is moderately wounded.
The ogre hits you with a +0 giant club!!
Ouch! That really hurt!
You die...

..............>#
#...########.#.#
.....#######.#.#
#............#.#
####.........#.#
...............##########
#..#.....................
#..#...........##.#######
#..#......[....Os.#
#..#........##.##.#
#..#...รท....##.####
#<.#........##..#
............###.##
.......###### #..#
.......# ##.# .......#
#.####### .......#
#.......#


You could see an ogre (very poisoned).

Vanquished Creatures
  Menkaure (D:4)
  2 hounds (D:3)
  3 adders
  A gnoll (D:3)
  2 worms
  A dart slug (D:4)
  6 bats
  9 endoplasms
  3 giant cockroaches
  8 goblins
  5 hobgoblins
  3 jackals (D:2)
  4 quokkas
  7 ball pythons
  2 frilled lizards
  12 kobolds
  7 rats
76 creatures vanquished.

Notes
Turn   | Place    | Note
-------+----------+-------------------------------------------
     0 | D:1      | Lavandula the Formicid Transmuter began the quest for the
                  | Orb.
     0 | D:1      | Reached XP level 1. HP: 15/15 MP: 3/3
   190 | D:1      | Reached XP level 2. HP: 14/21 MP: 3/5
   196 | D:1      | Learned a level 2 spell: Wereblood
   984 | D:1      | Reached XP level 3. HP: 26/26 MP: 4/6
   988 | D:1      | Learned a level 3 spell: Spider Form
  1148 | D:1      | Reached skill level 1 in Poison Magic
  2100 | D:2      | Reached XP level 4. HP: 22/32 MP: 5/7
  3002 | D:3      | Found a shadowy altar of Dithmenos.
  3460 | D:3      | Found a shimmering altar of Xom.
  3634 | D:3      | Reached XP level 5. HP: 36/37 MP: 4/8
  3813 | D:3      | Found Bokk's Weapon Shoppe.
  4165 | D:3      | Found a burning altar of Makhleb.
  4291 | D:4      | Noticed Menkaure
  4311 | D:4      | Killed Menkaure
  4312 | D:4      | Reached skill level 5 in Transmutations
  4312 | D:4      | Reached XP level 6. HP: 16/43 MP: 7/9
  4701 | D:4      | Reached skill level 5 in Unarmed Combat
  4766 | D:4      | Noticed an ogre
  4779 | D:4      | Slain by an ogre

Illustrated notes

Levels and vault maps discovered:
D:1:      minmay_arrival_arboretum_small, layout_loops_ring,
          minmay_parallelograms, minivault_24
D:2:      layout_basic, serial_corexii_hall, corexii_hall_statues_u,
          corexii_hall_statues_i, corexii_hall_statues_i, corexii_hall_statues_s
D:3:      layout_loops_ring, mainiacjoe_overflow_paths, lightli_temple_of_fire,
          grunt_dithmenos_smoke_and_mirrors, serial_shops, shop, st_stairs_10,
          minivault_23, cheibrodos_gnoll_hut
D:4:      layout_basic, roderic_lattice_a, amcnicky_mini_rare_corridor_liquid,
          uniq_menkaure

Skill      XL: |  1  2  3  4  5  6 |
---------------+-------------------+-----
Unarmed Combat | 4 5 |  5.0
Poison Magic   | 3 |  3.0
Transmutations | 3 5 |  5.0
Fighting       | |  1.1
Dodging        | |  1.7
Spellcasting   | |  2.1

Action                   |  1- 3 |  4- 6 || total
-------------------------+-------+-------++-------
Melee: Unarmed           |   103 |   106 ||   209
       Kick              |    25 |    12 ||    37
       Punch             |     1 |     2 ||     3
 Cast: Beastly Appendage |    25 |    10 ||    35
       Spider Form       |       |     9 ||     9
       Wereblood         |       |     3 ||     3
 Stab: Sleeping          |     1 |       ||     1
Armor: Robe              |    12 |    11 ||    23
       Skin              |       |     3 ||     3
Dodge: Dodged            |    53 |    72 ||   125

Table legend: (Time is in decaauts)
 A = Elapsed time spent in this place.
 B = Non-inter-level travel time spent in this place.
 C = Inter-level travel time spent in this place.
 D = Time resting spent in this place.
 E = Time spent auto-exploring this place.
 F = Levels seen in this place.
 G = Mean time per level.
                   A        B        C        D        E       F      G
               +--------+--------+--------+--------+--------+-----+--------+
         Total |   4764 |   4682 |     82 |    234 |   3827 |   4 | 1191.0 |
       Dungeon |   4764 |   4682 |     82 |    234 |   3827 |   4 | 1191.0 |
               +--------+--------+--------+--------+--------+-----+--------+

Top non-repeatable levels by time:
     D:3: 1562 daAuts
     D:1: 1490 daAuts
     D:2: 1211 daAuts
     D:4: 499 daAuts
